[Event "Titled Tuesday Blitz August 22 Early 2023"]
[White "Timmermans, Mark"]
[Black "Goldin, Roman"]
[WhiteFideId "1026399"]
[BlackFideId "2803860"]
[WhiteElo "2715"]
[BlackElo "2424"]
[Result "1-0"]
[Round "1"]
[TimeControl "180+1"]
[Date "2023.08.22"]
[WhiteClock "0:00:33"]
[BlackClock "0:00:00"]
[Board "94"]

1. e4 Nc6 2. Nf3 e5 3. d4 exd4 4. c3 d3 5. Bxd3 Nge7 6. c4 Ng6 7. Nc3 d6 8. O-O Be7 9. Nd5 O-O 10. Be3 Nce5 11. Nxe5 dxe5 12. b4 c6 13. Nxe7+ Nxe7 14. a4 Qc7 15. Be2 Ng6 16. a5 Be6 17. Qc2 b6 18. axb6 axb6 19. Rfd1 h6 20. Bf1 f6 21. c5 b5 22. Rxa8 Rxa8 23. Rd6 Kf7 24. Qd1 Ke7 25. g3 Ra4 26. Bd2 Ra8 27. Bc3 Rd8 28. Rxd8 Qxd8 29. Qa1 Qd7 30. h4 Bc4 31. Bg2 Nf8 32. Qa8 Ne6 33. Kh2 h5 34. Qh8 Qd3 35. Ba1 Qb1 36. Qa8 Qa2 37. Qxa2 Bxa2 38. Kg1 Bb1 39. Kf1 Nd4 40. Bc3 Bd3+ 41. Ke1 Ne6 42. Kd2 Bc4 43. Ke3 Nc7 44. f4 exf4+ 45. gxf4 g6 46. Bh3 Ne6 47. f5 gxf5 48. Bxf5 Ng7 49. Bh3 Be6 50. Bg2 Bc4 51. Bd2 f5 52. Bc3 fxe4 53. Bxg7 Bd5 54. Bxe4 1-0


[Site "https://www.chess.com"]

[Event "Titled Tuesday Blitz August 22 Early 2023"]
[White "Luong Phuong Hanh"]
[Black "Matinian, Nikita"]
[WhiteFideId "12401013"]
[BlackFideId "24129100"]
[WhiteElo "2424"]
[BlackElo "2714"]
[Result "0-1"]
[Round "1"]
[TimeControl "180+1"]
[Date "2023.08.22"]
[WhiteClock "0:01:36"]
[BlackClock "0:01:24"]
[Board "95"]

1. d4 Nf6 2. Nf3 e6 3. e3 b6 4. Bd3 Bb7 5. O-O c5 6. c4 d5 7. Nc3 Nbd7 8. cxd5 exd5 9. Ne5 Be7 10. Nxd7 Qxd7 11. dxc5 bxc5 12. Bb5 Bc6 13. Qa4 Bxb5 14. Qxb5 Qxb5 15. Nxb5 O-O 16. b3 a5 17. Bb2 a4 18. Rfd1 Rfb8 19. Nc7 Ra7 20. Nxd5 Nxd5 21. Rxd5 axb3 22. axb3 Rxa1+ 23. Bxa1 c4 24. Be5 Rxb3 25. g3 f6 26. Bd4 c3 27. Bxc3 Rxc3 28. Kg2 Kf7 0-1


[Site "https://www.chess.com"]

[Event "Titled Tuesday Blitz August 22 Early 2023"]
[White "carokannlover213"]
[Black "Buchenau, Frank"]
[BlackFideId "4604350"]
[WhiteElo "2711"]
[BlackElo "2421"]
[Result "1/2-1/2"]
[Round "1"]
[TimeControl "180+1"]
[Date "2023.08.22"]
[WhiteClock "0:00:07"]
[BlackClock "0:00:20"]
[Board "96"]

1. e4 e6 2. d4 d5 3. Nd2 c5 4. Ngf3 cxd4 5. Nxd4 Nc6 6. Bb5 Bd7 7. Nxc6 bxc6 8. Bd3 Bd6 9. O-O Ne7 10. Qe2 Ng6 11. Nf3 Nf4 12. Bxf4 Bxf4 13. e5 O-O 14. g3 Bh6 15. Kg2 Rb8 16. c4 c5 17. b3 Bc6 18. Kg1 a5 19. cxd5 Qxd5 20. Kg2 Rfd8 21. Bc4 Qe4 22. Qxe4 Bxe4 23. Rad1 Kf8 24. Rfe1 Bc6 25. Rd6 Rxd6 26. exd6 Ke8 27. Re5 Kd7 28. Rxc5 a4 29. bxa4 Kxd6 30. Rxc6+ Kxc6 31. Ne5+ Kc5 32. Nd7+ Kxc4 33. Nxb8 Kb4 34. Nc6+ Kxa4 35. Nd8 f5 36. Nxe6 g6 37. h4 Ka3 38. Kf3 Kxa2 39. Ng5 Bxg5 40. hxg5 Kb3 41. Kf4 Kc4 42. Ke5 Kd3 43. Kf6 Ke2 44. Kg7 Kxf2 45. Kxh7 Kxg3 46. Kxg6 f4 47. Kh7 f3 48. g6 f2 49. g7 f1=Q 50. g8=Q+ Kf2 51. Qf7+ Kg1 52. Qg7+ Qg2 53. Qd4+ Kh1 54. Qh4+ Qh2 55. Qh6 Kg2 56. Kg7 Qxh6+ 57. Kxh6 1/2-1/2


[Site "https://www.chess.com"]

[Event "Titled Tuesday Blitz August 22 Early 2023"]
[White "Shohat, Yotam"]
[Black "Shoker, Samy"]
[WhiteFideId "2813955"]
[BlackFideId "627143"]
[WhiteElo "2421"]
[BlackElo "2709"]
[Result "0-1"]
[Round "1"]
[TimeControl "180+1"]
[Date "2023.08.22"]
[WhiteClock "0:00:00"]
[BlackClock "0:00:16"]
[Board "97"]

1. e4 d6 2. d4 Nf6 3. Nc3 g6 4. f4 Bg7 5. Bd3 Nc6 6. Nf3 Bg4 7. Be3 Nd7 8. Be2 e5 9. fxe5 dxe5 10. d5 Ne7 11. Qd2 Nc8 12. O-O-O Nd6 13. b3 a5 14. a4 O-O 15. Kb1 Qe7 16. h3 Bxf3 17. gxf3 Nf6 18. Bg5 Qe8 19. Rdg1 Nh5 20. h4 Kh8 21. Nb5 Qd7 22. Be3 Qe7 23. Qc3 Nf4 24. Bf1 Rfc8 25. h5 Nxh5 26. Rxh5 gxh5 27. Qd2 Bf6 28. Bc5 Rg8 29. Rxg8+ Kxg8 30. Bh3 Bg5 31. Qc3 Bf4 32. Bf5 b6 33. Ba3 Nxb5 34. axb5 Qxa3 35. Qe1 Qe7 0-1


[Site "https://www.chess.com"]

[Event "Titled Tuesday Blitz August 22 Early 2023"]
[White "Morefield, Jason"]
[Black "Rosenberg, Evan S"]
[WhiteFideId "30920825"]
[BlackFideId "2019299"]
[WhiteElo "2708"]
[BlackElo "2421"]
[Result "1-0"]
[Round "1"]
[TimeControl "180+1"]
[Date "2023.08.22"]
[WhiteClock "0:00:05"]
[BlackClock "0:00:00"]
[Board "98"]

1. e4 c5 2. Nf3 g6 3. c3 d5 4. exd5 Qxd5 5. d4 Bg7 6. Na3 cxd4 7. Nb5 Na6 8. cxd4 Nh6 9. Nc3 Qd6 10. Bb5+ Bd7 11. O-O O-O 12. Bxd7 Qxd7 13. Ne5 Qd8 14. Bxh6 Bxh6 15. Qg4 e6 16. Rad1 Nc7 17. Qf3 Rb8 18. d5 Nxd5 19. Nxd5 exd5 20. Rxd5 Qb6 21. Nd7 Qxb2 22. Nxb8 Rxb8 23. a4 Rf8 24. Rd7 b5 25. axb5 Qxb5 26. Rxa7 Bg7 27. Rb7 Qc5 28. g3 h5 29. h4 Be5 30. Rd1 Kg7 31. Rdd7 Qc4 32. Qd5 Qxd5 33. Rxd5 Ba1 34. Rdd7 Be5 35. Kg2 Ba1 36. Ra7 Be5 37. Kf3 Bb2 38. Kf4 Bc1+ 39. Ke5 Bb2+ 40. Kd5 Bf6 41. Rab7 Ba1 42. f3 Bc3 43. Re7 Ba1 44. g4 hxg4 45. fxg4 Bf6 46. Red7 Bxh4 47. Ke4 Bf6 48. Kf4 Bc3 49. Rd3 Bf6 50. g5 Bd8 51. Rbd7 Ba5 52. Rf3 Bb4 53. Ke4 Bc5 54. Kd5 Bb4 55. Kc4 Be1 56. Rf4 Bg3 57. Rf3 Bh4 58. Rd5 Rc8+ 59. Kd3 Rf8 60. Rf4 Be1 61. Ke2 Bc3 62. Rf3 Bb2 63. Kd1 Ba1 64. Rb5 Bd4 65. Rb4 Bg1 66. Rb7 Rd8+ 67. Ke2 Rf8 68. Kf1 Bd4 69. Rd3 Be5 70. Kg2 Bf4 71. Rd5 Bc1 72. Kf3 Ba3 73. Ra7 Bc1 74. Rc7 Ba3 75. Kg4 Bb2 76. Rb7 Ba3 77. Ra5 Bc1 78. Ra2 Be3 79. Rc2 Bd4 80. Rc4 Ba1 81. Re4 Bc3 82. Ree7 Ba1 83. Rbd7 Bb2 84. Re2 Bc3 85. Rd3 Ba1 86. Rh2 Ra8 87. Rdh3 1-0


[Site "https://www.chess.com"]

[Event "Titled Tuesday Blitz August 22 Early 2023"]
[White "Efremov, Vladislav"]
[Black "Zhao, Jun"]
[WhiteFideId "44159935"]
[BlackFideId "8602522"]
[WhiteElo "2420"]
[BlackElo "2707"]
[Result "0-1"]
[Round "1"]
[TimeControl "180+1"]
[Date "2023.08.22"]
[WhiteClock "0:00:09"]
[BlackClock "0:00:43"]
[Board "99"]

1. Nf3 Nf6 2. c4 e6 3. Nc3 d5 4. cxd5 exd5 5. e3 c5 6. d4 Nc6 7. Bb5 cxd4 8. Nxd4 Bd7 9. O-O Bd6 10. h3 O-O 11. b3 Re8 12. Bb2 a6 13. Be2 Rc8 14. Rc1 Qe7 15. Nf3 Be6 16. Na4 Ne4 17. Nb6 Rcd8 18. Bd4 Ba3 19. Rb1 h6 20. Na4 Bf5 21. Ra1 Qe6 22. Nh2 Nxd4 23. Qxd4 Bd6 24. Rac1 Bxh3 25. gxh3 Qxh3 26. f4 Qg3+ 27. Kh1 Nf2+ 28. Rxf2 Qxf2 29. Rg1 Bf8 30. Ng4 Qh4+ 31. Kg2 Re4 32. Qc3 d4 33. Qd3 Rde8 34. Bf3 dxe3 35. Bxe4 Qxg4+ 36. Kh2 Qxf4+ 37. Kh3 Rxe4 38. Nc3 Qf3+ 0-1


[Site "https://www.chess.com"]

[Event "Titled Tuesday Blitz August 22 Early 2023"]
[White "Petrosian, Karlen"]
[Black "Ronka, Erik"]
[WhiteFideId "4176146"]
[BlackFideId "505080"]
[WhiteElo "2706"]
[BlackElo "2415"]
[Result "0-1"]
[Round "1"]
[TimeControl "180+1"]
[Date "2023.08.22"]
[WhiteClock "0:00:00"]
[BlackClock "0:00:42"]
[Board "100"]

1. e4 c5 2. c3 Nf6 3. e5 Nd5 4. Nf3 e6 5. Bc4 d6 6. Bxd5 exd5 7. O-O Nc6 8. Re1 Be7 9. exd6 Qxd6 10. d4 O-O 11. dxc5 Qxc5 12. Na3 Bg4 13. h3 Bh5 14. Be3 Qd6 15. Nb5 Qd7 16. Bf4 a6 17. Na3 Bxa3 18. bxa3 Rad8 19. Qd3 Bg6 20. Qd2 d4 21. cxd4 Nxd4 22. Nxd4 Qxd4 23. Qxd4 Rxd4 24. Be3 Rd3 25. Rac1 h6 26. Rc7 Rxa3 27. Bc5 Rc3 28. Re3 Rxe3 29. Bxe3 Be4 30. Re7 Bc6 31. Bb6 Rc8 32. h4 Bd5 33. a3 Rc6 34. Bd4 Rc4 35. Re8+ Kh7 36. Be3 Rxh4 37. Rd8 Bc6 38. Bd2 Rg4 39. g3 Ra4 40. Bb4 a5 41. Bc5 Rc4 42. Be3 Rc3 0-1


[Site "https://www.chess.com"]

[Event "Titled Tuesday Blitz August 22 Early 2023"]
[White "Namitbir Singh Walia"]
[Black "Di Benedetto, Edoardo"]
[WhiteFideId "35071068"]
[BlackFideId "875740"]
[WhiteElo "2415"]
[BlackElo "2705"]
[Result "0-1"]
[Round "1"]
[TimeControl "180+1"]
[Date "2023.08.22"]
[WhiteClock "0:00:21"]
[BlackClock "0:01:03"]
[Board "101"]

1. e4 e6 2. d3 d5 3. Nd2 c5 4. g3 Nf6 5. Bg2 g6 6. f4 Bg7 7. Ngf3 O-O 8. O-O dxe4 9. dxe4 Nc6 10. c3 b6 11. Qe2 Qc7 12. a4 a5 13. Nc4 Ba6 14. b3 Rad8 15. Bb2 Ne7 16. Rfd1 Rxd1+ 17. Rxd1 Rd8 18. Nfe5 Nd7 19. Nxd7 Rxd7 20. Rxd7 Qxd7 21. Bf1 Bxc4 22. Qxc4 Qd2 23. Qe2 Bxc3 24. Qxd2 Bxd2 25. Kf2 f5 26. Bc4 Kf7 27. Ke2 Bb4 28. exf5 gxf5 29. Be5 Nd5 30. Bxd5 exd5 31. Bc7 Ke6 32. Bxb6 c4 33. bxc4 dxc4 34. h3 h5 35. Kf3 Kd5 36. Ke3 Bc5+ 37. Bxc5 Kxc5 38. Kd2 Kd4 39. Kc2 c3 40. Kc1 Kd3 0-1


[Site "https://www.chess.com"]

[Event "Titled Tuesday Blitz August 22 Early 2023"]
[White "Lei, Tingjie"]
[Black "ExchangeAB"]
[WhiteFideId "8605114"]
[WhiteElo "2704"]
[BlackElo "2414"]
[Result "1-0"]
[Round "1"]
[TimeControl "180+1"]
[Date "2023.08.22"]
[WhiteClock "0:00:20"]
[BlackClock "0:00:14"]
[Board "102"]

1. d4 Nf6 2. c4 c6 3. Nc3 d5 4. cxd5 cxd5 5. Bf4 Nc6 6. e3 Bf5 7. Qb3 Na5 8. Qa4+ Bd7 9. Bb5 Nc6 10. Nf3 a6 11. Bxc6 Bxc6 12. Qd1 e6 13. Ne5 Rc8 14. Rc1 Bd6 15. O-O Bxe5 16. Bxe5 O-O 17. Qd3 Qb6 18. Bxf6 gxf6 19. Qe2 f5 20. Rfd1 Bb5 21. Qh5 f6 22. Qh6 Rc6 23. h4 Rc7 24. Qf4 Rg7 25. f3 Kh8 26. Rd2 Rfg8 27. Kh2 Qc7 28. Qxc7 Rxc7 29. Re1 Rgc8 30. Kg3 Bd7 31. e4 fxe4 32. fxe4 Bc6 33. e5 f5 34. Ne2 Bd7 35. Nf4 Rc2 36. Ree2 Rxd2 37. Rxd2 Kg7 38. Kf2 Kf7 39. Nd3 b6 40. Nf4 Bb5 41. g4 fxg4 42. Kg3 a5 43. Kxg4 Rg8+ 44. Kf3 Rc8 45. Nh3 h6 46. Nf4 Bf1 47. Rf2 Bb5 48. Ke3 Ke7 49. Ng6+ Kd7 50. Rf7+ Kd8 51. Rf8+ Kd7 52. Rxc8 Kxc8 53. Nf8 Bd7 54. Kf4 Kd8 55. Nxd7 Kxd7 56. Kg4 Ke7 57. Kh5 Kf7 58. Kxh6 1-0


[Site "https://www.chess.com"]

[Event "Titled Tuesday Blitz August 22 Early 2023"]
[White "Farmani Anosheh, Armin"]
[Black "Karthik Rajaa"]
[WhiteFideId "24613240"]
[BlackFideId "25035215"]
[WhiteElo "2413"]
[BlackElo "2701"]
[Result "0-1"]
[Round "1"]
[TimeControl "180+1"]
[Date "2023.08.22"]
[WhiteClock "0:00:00"]
[BlackClock "0:00:17"]
[Board "103"]

1. d4 Nf6 2. c4 g6 3. f3 Bg7 4. e4 d6 5. Nc3 O-O 6. Nge2 Nc6 7. Be3 a6 8. Qd2 Na5 9. b3 b5 10. cxb5 axb5 11. Rc1 c6 12. Bh6 e5 13. Bxg7 Kxg7 14. Nd1 exd4 15. Nxd4 Bb7 16. Ne3 Kg8 17. Bd3 Nd7 18. O-O Qb6 19. Be2 b4 20. Rfd1 Rad8 21. Kh1 Rfe8 22. Nc4 Nxc4 23. Bxc4 Ne5 24. Qf4 Nxc4 25. Rxc4 d5 26. exd5 c5 27. Nc2 Bxd5 28. h3 Bxc4 29. Rxd8 Qxd8 30. Qxc4 Qd1+ 31. Kh2 Re2 32. Na1 Qxa1 33. Qxe2 Kf8 34. Qf2 Qe5+ 35. f4 Qc3 36. Qe2 Qd4 37. Qf3 Kg7 38. Kg3 h5 39. Kh2 h4 40. Qg4 Qf2 41. Qg5 Qxa2 42. Qxh4 Qxb3 43. f5 Qe3 44. f6+ Kg8 45. g3 Qf2+ 46. Kh1 b3 47. Qg5 b2 0-1


[Site "https://www.chess.com"]

[Event "Titled Tuesday Blitz August 22 Early 2023"]
[White "Javakhadze, Zurab"]
[Black "Llanos, Guillermo"]
[WhiteFideId "13603647"]
[BlackFideId "100358"]
[WhiteElo "2700"]
[BlackElo "2411"]
[Result "0-1"]
[Round "1"]
[TimeControl "180+1"]
[Date "2023.08.22"]
[WhiteClock "0:00:00"]
[BlackClock "0:00:21"]
[Board "104"]

1. Nf3 Nf6 2. c4 b6 3. g3 Bb7 4. Bg2 c5 5. O-O g6 6. Nc3 Bg7 7. e3 O-O 8. d4 cxd4 9. exd4 d5 10. Ne5 e6 11. Bg5 h6 12. Bxf6 Bxf6 13. cxd5 exd5 14. Qb3 Nc6 15. Nxc6 Bxc6 16. Rfd1 Rc8 17. Bxd5 Bxd5 18. Nxd5 Bg7 19. Nf4 Qd6 20. Rd3 Kh7 21. Rad1 Rc7 22. h4 h5 23. Nh3 Bf6 24. Rf3 Kg7 25. Ng5 Bxg5 26. hxg5 Rd8 27. Rf6 Qd5 28. Qe3 Rdd7 29. Qd3 Qxa2 30. d5 Qxb2 31. d6 Rc5 32. Qe3 Qe5 33. Qd3 Qxg5 34. Rf4 Qd8 35. Qd4+ Kg8 36. Re4 Rc6 37. Qe3 Kh7 38. Re8 Qf6 39. Ra8 Rcxd6 40. Rxd6 Qxd6 41. Qe8 Qd1+ 42. Kh2 Qd4 43. Qg8+ Kh6 44. Qf8+ Kg5 45. Kg2 Qd5+ 46. Kh2 Qf5 47. Kg2 h4 48. Qb4 hxg3 49. fxg3 Qd5+ 50. Kh3 Qe6+ 51. Kg2 Qe2+ 52. Kg1 Rd1+ 0-1


[Site "https://www.chess.com"]

[Event "Titled Tuesday Blitz August 22 Early 2023"]
[White "Smiechu"]
[Black "Preotu, Razvan"]
[BlackFideId "2613280"]
[WhiteElo "2408"]
[BlackElo "2695"]
[Result "0-1"]
[Round "1"]
[TimeControl "180+1"]
[Date "2023.08.22"]
[WhiteClock "0:00:12"]
[BlackClock "0:00:06"]
[Board "105"]

1. e4 c5 2. Nf3 d6 3. d4 cxd4 4. Nxd4 Nf6 5. Nc3 a6 6. Be3 e5 7. Nb3 Be6 8. Qd2 Nbd7 9. O-O-O Rc8 10. f4 Be7 11. f5 Bc4 12. g4 Nxg4 13. Rg1 Nxe3 14. Qxe3 Qb6 15. Qxb6 Nxb6 16. Rxg7 Bxf1 17. Rxf1 Bf6 18. Rg3 Ke7 19. Rd1 h5 20. Rgd3 Bg5+ 21. Kb1 Rh6 22. a4 h4 23. h3 Rc4 24. Na5 Rc7 25. Nb3 Rc4 26. Na5 Rc7 27. Nd5+ Nxd5 28. Rxd5 Be3 29. b3 Bc5 30. Nc4 b5 31. axb5 axb5 32. Nd2 Bd4 33. Nf3 Bc3 34. R1d3 b4 35. Ra5 Rh8 36. f6+ Ke6 37. Ra6 Rd7 38. Ng5+ Kxf6 39. Nf3 Rg8 40. Rdxd6+ Rxd6 41. Rxd6+ Ke7 42. Rd1 Ra8 43. Kc1 Ra1# 0-1


[Site "https://www.chess.com"]

[Event "Titled Tuesday Blitz August 22 Early 2023"]
[White "Volovich, Vasily"]
[Black "Legenia, Artem"]
[WhiteFideId "34169676"]
[BlackFideId "14136945"]
[WhiteElo "2693"]
[BlackElo "2407"]
[Result "1-0"]
[Round "1"]
[TimeControl "180+1"]
[Date "2023.08.22"]
[WhiteClock "0:00:04"]
[BlackClock "0:00:00"]
[Board "106"]

1. e4 c5 2. Nf3 d6 3. c3 Nf6 4. h3 Nbd7 5. Bd3 g6 6. O-O Bg7 7. Bc2 O-O 8. d4 e5 9. dxe5 dxe5 10. Bg5 Qc7 11. Nbd2 b6 12. Qe2 Bb7 13. Rfd1 h6 14. Bxf6 Bxf6 15. Nf1 Rfd8 16. Ne3 Nf8 17. a4 Ne6 18. g3 Ng5 19. Ng4 Nxf3+ 20. Qxf3 Bg7 21. Bb3 c4 22. Bc2 f5 23. Ne3 Rf8 24. Qe2 f4 25. Qxc4+ Qxc4 26. Nxc4 fxg3 27. fxg3 Rf3 28. Kg2 Raf8 29. Rf1 Rxf1 30. Rxf1 Rxf1 31. Kxf1 Ba6 32. Bd3 Bxc4 33. Bxc4+ Kf8 34. Ke2 Bf6 35. Kd3 Ke7 36. Bd5 Bg5 37. Kc4 Kd6 38. Kb5 Kc7 39. Bf7 Bc1 40. b4 g5 41. c4 Be3 42. Ka6 Kb8 43. g4 Bf2 44. Bd5 Bd4 45. Kb5 Kc7 46. a5 bxa5 47. Kxa5 Bc3 48. Kb5 Bd4 49. c5 Bc3 50. Be6 Bd2 51. Kc4 Be1 52. b5 Bd2 53. Kd5 Bc3 54. Bf5 Bd4 55. Ke6 Bxc5 56. Kxe5 Kb6 57. Kf6 Kxb5 58. Kg6 Kc6 59. Kxh6 Be3 60. Be6 Kd6 61. Bd5 Ke5 62. Kh5 Kf6 63. h4 gxh4 64. Kxh4 Bd2 65. Kh5 a5 66. Bb3 Ke5 67. Bc2 Kf6 68. Kh4 Bg5+ 69. Kg3 Ke5 70. Kf3 Bf4 71. Ba4 Bg5 72. Bc6 Be7 73. Ke2 Bg5 74. Kd3 Be7 75. Bd7 Bg5 76. Bf5 Bh6 77. Kc4 Bf4 78. Kb5 Bd2 79. Bh7 Be3 80. Kxa5 Bd2+ 81. Kb5 Be3 82. Bf5 Bg5 83. Kc6 Bf6 84. Kd7 Bg5 85. Ke8 Kf6 86. Kd7 Bf4 87. Be6 Bg3 88. Bd5 Bf4 89. Kc6 Bg3 90. Kc5 Bf2+ 91. Kc4 Bg3 92. Kd4 Be5+ 93. Ke3 Kg5 94. Be6 Bg3 95. Kd4 Kf6 96. Kd5 Bh2 97. Bf5 Bg3 98. Kc6 Bf4 99. Kd7 Bg3 100. Ke8 Bf4 101. Kf8 Bh6+ 102. Kg8 Bf4 103. Kh7 Kg5 104. Kg7 Be5+ 105. Kf7 Bd4 106. Ke6 Kf4 107. Kd5 Ba1 108. Bc8 Bg7 109. Ke6 Ba1 110. Kd5 Bb2 111. Bd7 Ba1 112. Be6 Bb2 113. Bf5 Ba1 114. Ke6 Bb2 115. Kf7 Ba1 116. Kg6 Be5 117. g5 Bd6 118. Kh6 Bf8+ 119. Kh5 Ke5 120. Kg6 Be7 121. Kh6 Bf8+ 122. Kh7 Be7 123. g6 Bf8 124. g7 1-0


[Site "https://www.chess.com"]

[Event "Titled Tuesday Blitz August 22 Early 2023"]
[White "Khromkin, Andrey"]
[Black "Hua, Lefong"]
[WhiteFideId "4154126"]
[BlackFideId "2602253"]
[WhiteElo "2406"]
[BlackElo "2693"]
[Result "1-0"]
[Round "1"]
[TimeControl "180+1"]
[Date "2023.08.22"]
[WhiteClock "0:00:03"]
[BlackClock "0:00:03"]
[Board "107"]

1. d4 Nf6 2. c4 g6 3. Nf3 Bg7 4. Nc3 O-O 5. g3 d6 6. Bg2 Nc6 7. O-O a6 8. h3 Rb8 9. e4 e5 10. Be3 exd4 11. Nxd4 Nxd4 12. Bxd4 Re8 13. Qc2 Be6 14. b3 b5 15. cxb5 axb5 16. Rfd1 b4 17. Nd5 Bxd5 18. exd5 Nd7 19. Rac1 Bxd4 20. Rxd4 Nc5 21. Qd2 Rb6 22. Re1 Rxe1+ 23. Qxe1 Qa8 24. Qe7 Qxa2 25. Rf4 Qa1+ 26. Kh2 Qg7 27. Qxc7 Ra6 28. Rxb4 h5 29. Rf4 Qf8 30. Bf1 Ra1 31. Bc4 Rc1 32. Rf6 Nxb3 33. Rxd6 Kg7 34. Rd8 Rxc4 35. Qe5+ f6 36. Rd7+ Kh6 37. Qe3+ g5 38. Qd3 Qg8 39. Qxc4 Nd2 40. Qd3 h4 41. Qxd2 Qe8 42. Rd6 hxg3+ 43. fxg3 Qe5 44. Re6 Qf5 45. Qe2 Qxd5 46. Rxf6+ Kg7 47. Qe7+ Kh8 48. Rf8+ 1-0


[Site "https://www.chess.com"]

[Event "Titled Tuesday Blitz August 22 Early 2023"]
[White "Hoang, Thi Bao Tram"]
[Black "Pershina, Elena"]
[WhiteFideId "12401102"]
[BlackFideId "24147516"]
[WhiteElo "2691"]
[BlackElo "2405"]
[Result "0-1"]
[Round "1"]
[TimeControl "180+1"]
[Date "2023.08.22"]
[WhiteClock "0:00:00"]
[BlackClock "0:00:03"]
[Board "108"]

1. d4 d5 2. c4 c6 3. cxd5 cxd5 4. Nc3 Nf6 5. Bf4 Nc6 6. e3 a6 7. Rc1 Bf5 8. Bd3 Bxd3 9. Qxd3 e6 10. Nf3 Bd6 11. Bxd6 Qxd6 12. O-O O-O 13. Na4 Ne4 14. a3 Rac8 15. Nc5 Nxc5 16. Rxc5 Ne7 17. b4 Rc7 18. h3 Rfc8 19. Ng5 g6 20. Rfc1 Kg7 21. Rd1 h6 22. Nf3 Qd8 23. g4 Nc6 24. Nd2 Nb8 25. Nb3 b6 26. Rxc7 Rxc7 27. a4 Rc4 28. a5 Rxb4 29. axb6 Qxb6 30. Nc5 a5 31. e4 dxe4 32. Qxe4 Nc6 33. Qe3 Nxd4 34. Nd7 Qd6 35. Ne5 Nf3+ 36. Qxf3 Qxe5 37. Rd7 Qf6 38. Qa3 Rb1+ 39. Kg2 Rb5 40. Qd3 Rb2 41. Qe3 a4 42. Ra7 Ra2 43. h4 h5 44. g5 Qf5 45. Qc3+ e5 46. Qc5 Qe4+ 47. Kg3 Qf4+ 48. Kg2 Qg4+ 49. Kh2 Qxh4+ 50. Kg2 Qxg5+ 51. Kh2 Qf4+ 52. Kg2 Rd2 53. Ra8 Qe4+ 54. Kg3 Qxa8 55. Qxe5+ Kh7 56. Qf4 Qb7 57. Qxd2 Qc7+ 58. Kh4 a3 59. Qa2 Qe7+ 60. Kh3 Qb4 61. Qxf7+ Kh6 62. Qf6 Kh7 63. Qf7+ Kh6 64. Qf6 a2 65. f4 a1=Q 0-1


[Site "https://www.chess.com"]

[Event "Titled Tuesday Blitz August 22 Early 2023"]
[White "Rom, Jasper"]
[Black "Kavutskiy, Konstantin"]
[WhiteFideId "2023733"]
[BlackFideId "2026384"]
[WhiteElo "2405"]
[BlackElo "2688"]
[Result "0-1"]
[Round "1"]
[TimeControl "180+1"]
[Date "2023.08.22"]
[WhiteClock "0:00:00"]
[BlackClock "0:00:17"]
[Board "109"]

1. e4 c5 2. Nc3 e6 3. f4 a6 4. g3 Nc6 5. Bg2 Nf6 6. Nh3 d5 7. d3 Be7 8. O-O O-O 9. Nf2 b5 10. g4 b4 11. Ne2 dxe4 12. dxe4 Qxd1 13. Rxd1 e5 14. f5 h6 15. c3 a5 16. Be3 Ba6 17. Ng3 Rfd8 18. h3 Nh7 19. Bf3 a4 20. a3 bxc3 21. bxc3 Rab8 22. Rd5 Bc4 23. Rxd8+ Rxd8 24. Rb1 Bb3 25. Be2 c4 26. Kf1 Bxa3 27. Ra1 Be7 28. Bc1 Bg5 29. Ba3 Bh4 30. Ngh1 Ng5 31. Bc5 Rd2 32. Rc1 Bc2 33. Be3 Rxe2 34. Kxe2 Bxe4 35. Nxe4 Nxe4 36. Nf2 Nd6 37. Ra1 Nb5 38. Ne4 a3 39. Bc5 Be7 40. Bxe7 Nxe7 41. Kd2 Nd5 42. Nd6 Nxd6 43. Rxa3 Ne4+ 44. Kc2 Nexc3 45. Rxc3 Nxc3 46. Kxc3 f6 47. Kxc4 Kf7 48. Kd5 Ke7 49. Kc5 Kd7 50. Kd5 Kd8 51. h4 Kd7 52. g5 hxg5 53. hxg5 Ke7 54. g6 Kd7 55. Kc5 e4 56. Kd4 Kd6 57. Kxe4 Kc5 58. Kd3 Kd5 59. Ke3 Ke5 60. Kf3 Kxf5 61. Kg3 Kxg6 62. Kg4 Kf7 0-1


[Site "https://www.chess.com"]

[Event "Titled Tuesday Blitz August 22 Early 2023"]
[White "Skliarov, Viktor"]
[Black "sebastianmarinp"]
[WhiteFideId "14106736"]
[WhiteElo "2687"]
[BlackElo "2405"]
[Result "1-0"]
[Round "1"]
[TimeControl "180+1"]
[Date "2023.08.22"]
[WhiteClock "0:00:11"]
[BlackClock "0:00:00"]
[Board "110"]

1. e4 e6 2. d4 d5 3. e5 c5 4. c3 Qb6 5. Nf3 Nc6 6. a3 Nh6 7. b4 cxd4 8. Bxh6 gxh6 9. cxd4 Bd7 10. Ra2 Ne7 11. Bd3 a5 12. b5 a4 13. O-O Ng6 14. Nc3 Qa5 15. Ne2 Bxb5 16. Rb2 Bc6 17. Qa1 Be7 18. Rfb1 O-O 19. Bb5 Rfc8 20. Qa2 Bf8 21. g3 Ne7 22. Kg2 Nf5 23. h4 Qd8 24. Bxc6 bxc6 25. Rb7 c5 26. dxc5 Rxc5 27. Qd2 Rac8 28. Ned4 Nxd4 29. Nxd4 Rc4 30. Qf4 R8c7 31. Rb8 Rc8 32. R1b7 Qe8 33. Rxc8 Rxc8 34. Nb5 Rb8 35. Rxb8 Qxb8 36. Nd6 Bxd6 37. exd6 Qd8 38. Qe5 Qd7 39. h5 f6 40. Qxf6 Qxd6 41. Qd4 e5 42. Qg4+ Kf7 43. Qf5+ Kg8 44. Qc8+ Kg7 45. Qg4+ Kf8 46. Qf5+ Ke7 47. Qxh7+ Kd8 48. Qc2 d4 49. Qxa4 d3 50. Kf1 1-0


[Site "https://www.chess.com"]

[Event "Titled Tuesday Blitz August 22 Early 2023"]
[White "KorolDimitriy75"]
[Black "Papasimakopoulos, Alexandros"]
[BlackFideId "4244125"]
[WhiteElo "2404"]
[BlackElo "2685"]
[Result "0-1"]
[Round "1"]
[TimeControl "180+1"]
[Date "2023.08.22"]
[WhiteClock "0:00:00"]
[BlackClock "0:00:41"]
[Board "111"]

1. d4 e6 2. c4 d5 3. Nc3 a6 4. e3 Nf6 5. Nf3 Be7 6. a3 O-O 7. Bd3 dxc4 8. Bxc4 b5 9. Ba2 Bb7 10. O-O Nbd7 11. Qe2 c5 12. Rd1 Qb6 13. dxc5 Nxc5 14. b4 Nce4 15. Bb2 Rac8 16. Rac1 Rfd8 17. Nxe4 Rxd1+ 18. Qxd1 Rxc1 19. Qxc1 Bxe4 20. Bd4 Qb7 21. Ne1 h6 22. f3 Bd5 23. Bxd5 Nxd5 24. e4 Nb6 25. Nd3 Qd7 26. Bxb6 Qxd3 27. Qc8+ Kh7 28. Qxa6 Qe2 29. g3 Qxf3 30. Qxb5 Qxa3 31. Bc5 Qc1+ 32. Kg2 Qc2+ 33. Kf3 Bf6 34. Qd7 Kg6 35. Be3 Qb3 36. Qd6 Bg5 0-1


[Site "https://www.chess.com"]

[Event "Titled Tuesday Blitz August 22 Early 2023"]
[White "GaiozNigalidze"]
[Black "Delorme, Axel"]
[BlackFideId "632023"]
[WhiteElo "2685"]
[BlackElo "2404"]
[Result "1-0"]
[Round "1"]
[TimeControl "180+1"]
[Date "2023.08.22"]
[WhiteClock "0:00:42"]
[BlackClock "0:01:38"]
[Board "112"]

1. d4 Nf6 2. c4 e6 3. Nf3 d5 4. Nc3 a6 5. cxd5 exd5 6. g3 c6 7. Bg2 Be7 8. O-O O-O 9. Bg5 Bf5 10. Qb3 b5 11. Ne5 h6 12. Bd2 Qb6 13. e3 Nbd7 14. Nxd7 Nxd7 15. a3 Rac8 16. Rac1 Qb7 17. Ne2 Nb6 18. Bb4 Nc4 19. Bxe7 Qxe7 20. Qc3 Rfd8 21. Nf4 Be4 22. Rfe1 Bxg2 23. Kxg2 a5 24. Qc2 c5 25. dxc5 Rxc5 26. Qe2 Rdc8 27. Rcd1 Qe4+ 28. f3 Qe5 29. Nd3 Qe7 30. Nxc5 Qxc5 31. Rd4 Re8 32. Qf2 b4 33. axb4 axb4 34. e4 dxe4 35. Rdxe4 Qxf2+ 36. Kxf2 Rxe4 37. Rxe4 1-0


[Site "https://www.chess.com"]

[Event "Titled Tuesday Blitz August 22 Early 2023"]
[White "Melikhov, Evgeny V."]
[Black "Dehtiarov, Roman"]
[WhiteFideId "4122046"]
[BlackFideId "14186640"]
[WhiteElo "2404"]
[BlackElo "2685"]
[Result "0-1"]
[Round "1"]
[TimeControl "180+1"]
[Date "2023.08.22"]
[WhiteClock "0:01:01"]
[BlackClock "0:01:27"]
[Board "113"]

1. d4 Nf6 2. c4 e6 3. Nc3 Bb4 4. Qc2 O-O 5. e4 d5 6. e5 Ne4 7. Nf3 c5 8. Bd3 cxd4 9. Nxd4 Nd7 10. Bf4 Qh4 11. g3 Qh3 12. Bf1 Qh5 13. Be2 Qg6 14. Bd3 Ndc5 15. Bxe4 Qxe4+ 16. Qxe4 Nxe4 17. Ne2 d4 18. Nxd4 Nxc3 19. a3 Nb5+ 20. axb4 Nxd4 21. O-O-O Ne2+ 22. Kc2 Nxf4 23. gxf4 b6 24. c5 bxc5 25. bxc5 Bb7 26. Rhg1 Bd5 27. Rg3 Rfc8 28. Rc3 Rab8 29. f5 Be4+ 30. Kc1 Bxf5 31. Rd7 Be4 32. Rxa7 Rb5 33. Ra4 Bc6 34. b4 Rbb8 35. Ra7 Rxb4 36. Kd2 g6 0-1


[Site "https://www.chess.com"]